 Dungeon Crawl Stone Soup version 0.25-a0-578-gc91f01c39c (webtiles) character file.

Game seed: 827898136489589245, levelgen mode: deterministic

284 inmateoo the Grave Robber (level 6, 0/34 HPs)
             Began as a Deep Elf Necromancer on Mar 7, 2020.
             Slain by Terence
             ... wielding a +0 hand axe
              (7 damage)
             ... on level 3 of the Dungeon.
             The game lasted 00:05:31 (3963 turns).

inmateoo the Grave Robber (Deep Elf Necromancer)    Turns: 3963, Time: 00:05:31

Health: 0/34       AC:  2    Str:  5    XL:     6   Next: 7%
Magic:  5/15       EV: 13    Int: 22    God:
Gold:   101        SH:  0    Dex: 15    Spells: 10/15 levels left

rFire    . . .     SeeInvis .   d - +1 dagger
rCold    . . .     Gourm    .   (no shield)
rNeg     . . .     Faith    .   a - +0 robe
rPois    .         Spirit   .   (no helmet)
rElec    .         Reflect  .   (no cloak)
rCorr    .         Harm     .   (no gloves)
MR       .....                  (no boots)
Stlth    ++........             (no amulet)
HPRegen  0.11/turn              (no ring)
MPRegen  0.14/turn              (no ring)

@: about to teleport
A: no striking features
a: no special abilities


You were on level 3 of the Dungeon.
You were not hungry.

You visited 1 branch of the dungeon, and saw 3 of its levels.

You collected 101 gold pieces.

Inventory:

Hand Weapons
 d - a +1 dagger (weapon)
 q - a +3 trident of holy wrath
Missiles
 n - 3 curare-tipped darts (quivered)
Armour
 a - a +0 robe (worn)
 j - a +2 kite shield of positive energy
Jewellery
 b - an uncursed ring of ice
 f - an uncursed ring of protection from magic {unknown}
 o - a +6 ring of slaying {unknown}
Scrolls
 g - a scroll of enchant armour
 h - 2 scrolls of remove curse
 p - a scroll of identify
 r - a scroll of immolation {unknown}
Potions
 e - 2 potions of cancellation
 i - a potion of might {unknown}
 l - a potion of stabbing
 m - a potion of berserk rage
Comestibles
 c - 7 rations


   Skills:
 + Level 1.5 Fighting
 - Level 1.1 Short Blades
 - Level 0.1 Throwing
 + Level 3.1 Dodging
 + Level 3.3 Stealth
 + Level 5.0 Spellcasting
 * Level 6.6 Necromancy


You had 10 spell levels left.
You knew the following spells:

 Your Spells              Type           Power        Failure   Level  Hunger
a - Pain                  Necr           ####         1%          1    None
b - Animate Skeleton      Necr           N/A          1%          1    None
c - Vampiric Draining     Necr           ####......   1%          3    ##.....

Your spell library contained the following spells:

 Spells                   Type           Power        Failure   Level  Hunger
 Animate Dead             Necr           N/A          7%          4    ####...
 Agony                    Necr           ####....     19%         5    #####..


Dungeon Overview and Level Annotations

Branches:
Dungeon (3/15)

Altars:
Sif Muna

Annotations:
D:3 Terence


Message History

* * * LOW HITPOINT WARNING * * *
Casting: Pain (safe; 1% risk of failure)
Confirm with . or Enter, or press ? or * to list all spells.
Aiming: Vampiric Draining (safe; 1% risk of failure)
Press: ? - help, Shift-Dir - straight line, f/p - orc
Aim: an orc (almost dead)
You kill the orc!
Things that are here:
a +3 trident of holy wrath; a +0 ring mail
q - a +3 trident of holy wrath
Okay, then.
Terence asks, "Do you want it fast or slow?"
Terence drinks a potion.
Terence goes berserk!
Terence misses you.
Okay, then.
Okay, then.
As you read the scroll of teleportation, it crumbles to dust.
You feel strangely unstable. Terence closely misses you.
Terence hits you with a +0 hand axe!
You die...

#.######### #..)......#
################ #.........#
#..[).#.o..oo... #.........#
#.###.#)#######.
#.........######.#.....#
#.............##.#.#.#...$...
#.............##.#...#.######
....[####.......@#####.#
.....####.......@#####.#
..........##.....#.. ..#
..........######.#.#######
...#......######.#.#.....#
...#......##..<#.......#
...#########.รท.###.#...#
...# ###..@###.# .# ...#
#....>..@.# ...# #.#...#####


You could see Terence (berserk).

Vanquished Creatures
  An orc wizard (D:3)
  2 orc priests (D:3)
  Jessica (D:3)
  Natasha (twice) (D:2)
  5 adders
  2 worms (D:2)
  3 dart slugs
  3 leopard geckos
  6 orcs (D:3)
  A ball python (D:1)
  8 bats
  6 goblins
  6 hobgoblins
  2 jackals (D:1)
  3 frilled lizards
  5 kobolds
  5 rats
61 creatures vanquished.

Vanquished Creatures (collateral kills)
  A giant cockroach (D:2)
  A rat (D:2)
2 creatures vanquished.

Grand Total: 63 creatures vanquished

Notes
Turn   | Place    | Note
-------+----------+-------------------------------------------
     0 | D:1      | inmateoo the Deep Elf Necromancer began the quest for the
                  | Orb.
     0 | D:1      | Reached XP level 1. HP: 10/10 MP: 6/6
     7 | D:1      | Learned a level 1 spell: Animate Skeleton
    36 | D:1      | Reached skill level 5 in Necromancy
   229 | D:1      | Reached XP level 2. HP: 11/15 MP: 6/8
  1232 | D:2      | Reached XP level 3. HP: 19/19 MP: 7/9
  1387 | D:2      | Noticed Natasha
  2037 | D:2      | Reached XP level 4. HP: 12/24 MP: 10/12
  2057 | D:2      | Learned a level 3 spell: Vampiric Draining
  2210 | D:2      | Found a shimmering blue altar of Sif Muna.
  2245 | D:2      | Killed Natasha
  2245 | D:2      | Reached skill level 6 in Necromancy
  2491 | D:2      | Noticed Natasha
  2496 | D:2      | Killed Natasha
  2496 | D:2      | Reached skill level 1 in Fighting
  3202 | D:3      | Reached skill level 1 in Short Blades
  3202 | D:3      | Reached XP level 5. HP: 27/29 MP: 9/13
  3247 | D:3      | Noticed Jessica
  3255 | D:3      | Killed Jessica
  3255 | D:3      | Noticed Terence
  3928 | D:3      | Reached skill level 5 in Spellcasting
  3949 | D:3      | Reached XP level 6. HP: 9/34 MP: 8/15
  3963 | D:3      | Slain by Terence

Levels and vault maps discovered:
D:1:      wander_arrival_abandoned_jail, layout_loops_ring
D:2:      layout_loops_ring, marbit_many_paths, first_ration,
          minmay_crystal_water, uniq_natasha
D:3:      layout_basic, overflow_temple_1_default, uniq_terence, uniq_jessica

Skill      XL: |  1  2  3  4  5 |
---------------+----------------+-----
Necromancy     | 5 6 |  6.6
Spellcasting   | 4 5 |  5.0
Fighting       | 1 |  1.5
Short Blades   | 1 |  1.1
Stealth        | 3 |  3.3
Dodging        | 3 |  3.1
Throwing       | |  0.1

Action                   |  1- 3 |  4- 6 || total
-------------------------+-------+-------++-------
Melee: Dagger            |    34 |    12 ||    46
Throw: Dart              |     3 |       ||     3
 Cast: Pain              |    52 |    47 ||    99
       Animate Skeleton  |     2 |     2 ||     4
       Vampiric Draining |       |     4 ||     4
  Use: Scroll            |     8 |     1 ||     9
 Stab: Sleeping          |     3 |     1 ||     4
  Eat: Chunk             |     3 |     6 ||     9
Armor: Robe              |     8 |     5 ||    13
Dodge: Dodged            |    23 |    26 ||    49

Table legend:
 A = Non-vault XP
 B = Vault XP
 C = Vault XP percentage of total XP
 D = Non-vault monster count
 E = Vault monster count
 F = Vault count percentage of total count
                 A         B        C        D         E       F
            +---------+---------+-------+---------+---------+-------
      Total |     334 |      73 |  17.9 |      60 |       3 |   4.8
            +---------+---------+-------+---------+---------+-------
        D:1 |      40 |       0 |   0.0 |      21 |       0 |   0.0
        D:2 |     123 |      36 |  22.6 |      22 |       2 |   8.3
        D:3 |     171 |      37 |  17.8 |      17 |       1 |   5.6
            +---------+---------+-------+---------+---------+-------
